[Event "1st Bella Italia International 2022"]
[Site "Lignano"]
[Date "2022.08.18"]
[Round "2.9"]
[White "Haller, Quentin"]
[Black "Priyanka Nutakki"]
[Result "0-1"]
[ECO "D00"]
[WhiteElo "1995"]
[BlackElo "2308"]
[Annotator "TA"]
[PlyCount "56"]
[EventDate "2022.08.18"]
[EventCountry "ITA"]
[SourceTitle "playchess.com"]
[Source "ChessBase"]
[SourceQuality "1"]
[TimeControl "5400+30"]

1. d4 d5 2. Bf4 c5 3. e3 Nc6 4. c3 Qb6 5. Qb3 c4 6. Qxb6 {[%emt 0:00:15] D00: 1 d4 d5: Unusual lines.} (6. Qc2 $1 $14 {is more appropriate.}) 6... axb6 $11 7. e4 e6 8. Nd2 {[%emt 0:01:43] The position is equal.} b5 9. Be2 b4 10. Bf3 Nf6 {[%emt 0:07:02] [#]} 11. Bg5 $146 ({Predecessor:} 11. Ne2 b5 12. O-O Be7 13. Rfe1 O-O 14. Bg3 Rd8 15. Nf4 h6 16. h4 Bb7 17. h5 bxc3 18. bxc3 {1-0 (44) Bordi,K (2288)-Lewtak,D (2411) Chess.com INT 2020}) 11... Ra5 {[%emt 0:01:09] Threatens to win with ...dxe4.} 12. Ne2 $2 {[%emt 0:02:58][%mdl 8192] Now White is beyond hope.} (12. exd5 $11 exd5 13. Ne2) 12... dxe4 $19 13. Bxf6 exf3 ({Not} 13... gxf6 14. Bxe4 bxc3 15. bxc3 $11) 14. Bh4 fxe2 15. Nxc4 Rh5 16. Bg3 b5 17. Nd6+ Bxd6 18. Bxd6 bxc3 19. bxc3 Ba6 20. a4 Kd7 21. Bc5 bxa4 22. Rxa4 {[%emt 0:00:43] [#]} Rb8 $1 {[%emt 0:00:14] ( -> ...Rb1+)} 23. Kd2 {[%emt 0:01:41] [#]} (23. Ra1 Bc4) 23... Rxh2 $3 24. Rxh2 (24. Re1 Bb5) 24... Rb2+ {[%emt 0:00:05] Black mates.} 25. Kc1 e1=Q+ {[%emt 0:00:05][%mdl 64] Discovered Attack} 26. Kxb2 Qd2+ 27. Kb3 Qd1+ 28. Ka3 Bb5 {[%emt 0:00:03] Weighted Error Value: White=0.86/Black=0.04 (flawless)} 0-1

[Event "1st Bella Italia International 2022"]
[Site "Lignano"]
[Date "2022.08.18"]
[Round "2.10"]
[White "Bartolozzi, Roberto"]
[Black "Aaron, Deepak"]
[Result "0-1"]
[ECO "A46"]
[WhiteElo "1967"]
[BlackElo "2221"]
[Annotator "TA"]
[PlyCount "68"]
[EventDate "2022.08.18"]
[EventCountry "ITA"]
[SourceTitle "playchess.com"]
[Source "ChessBase"]
[SourceQuality "1"]
[TimeControl "5400+30"]

1. d4 e6 2. Nf3 Nf6 3. Bg5 h6 4. Bxf6 Qxf6 5. e4 d6 6. Bd3 g5 {[%emt 0:07:29] A46: 1 d4 Nf6 2 Nf3 e6: Torre, London and Colle Systems.} 7. e5 (7. c3 $11) 7... Qe7 {[%emt 0:00:40] [#]} 8. exd6 $146 ({Predecessor:} 8. O-O Bg7 9. Nc3 Nc6 10. exd6 cxd6 11. d5 Ne5 12. dxe6 fxe6 13. Nxe5 Bxe5 14. Qh5+ {½-½ (36) Jackson,A (2223)-Bourne,J (2105) Port Erin 1999}) 8... cxd6 {[%emt 0:02:49] The position is equal.} 9. Nc3 Bg7 10. O-O g4 11. Nd2 h5 12. Re1 Kf8 13. d5 $1 e5 14. Nc4 f5 15. Nb5 Rh6 16. Qd2 (16. c3 $5 ) 16... Na6 17. Nd4 e4 18. Qf4 Qf6 19. Bxe4 $2 fxe4 $19 (19... Qxd4 20. Nxd6 Qf6 21. Nxf5 $17) 20. Qxe4 {[%emt 0:00:53][%csl Ge1][%cal Re4e8] [#]} Nc7 {[%emt 0:02:40] Prevents Qe8+.} ({Black should try} 20... Kg8 $1 $19 21. Qe8+ Qf8 22. Qxf8+ Kxf8) 21. Rad1 (21. Nxd6 $1 $11 Bd7 22. N6f5) 21... Qf7 22. f3 (22. b3 $142) 22... Bd7 (22... Nxd5 23. Rf1 $17) 23. fxg4 {[%emt 0:01:08] Rf1 is the strong threat.} Re8 {[%emt 0:00:34] The board is on fire.} (23... Nxd5 $2 24. Rf1 Nf6 25. Qxb7 Qxc4 26. Qxa8+ Qc8 27. Qxc8+ Bxc8 28. g5 $18) 24. Qd3 {[%emt 0:00:23] [#]} (24. Ne6+ $142 Nxe6 25. Nxd6) 24... Rxe1+ $1 ({Not} 24... Nxd5 25. Rxe8+ Qxe8 26. Nf5 $15) ({Weaker is} 24... hxg4 25. Rf1 Bf6 26. Qg3 (26. Nxd6 Qh5 $11) 26... Qxd5 27. Nxd6 $11 (27. Qxd6+ Qxd6 28. Nxd6 Re5 $17)) (24... Qxd5 25. Rxe8+ Nxe8 26. Ne3 Bxd4 27. Qxd4 Qxd4 28. Rxd4 $17) 25. Rxe1 {[%emt 0:00:02] Hoping for g5.} hxg4 {[%emt 0:00:31] Threatens to win with ...Qh5.} ({Don't blunder} 25... Qxd5 $2 26. Rf1+ Rf6 27. Nf5 $19) 26. Ne6+ Nxe6 27. dxe6 Rxe6 28. Rf1 Rf6 29. Qxd6+ Rxd6 {[%emt 0:00:45] Black is clearly winning.} 30. Rxf7+ Kxf7 31. Nxd6+ Ke7 32. Nxb7 Bd4+ 33. Kf1 Bb5+ 34. Ke1 Bc6 {[%emt 0:01:48] Weighted Error Value: White=0.50/Black=0.20 (precise)} 0-1

[Event "1st Bella Italia International 2022"]
[Site "Lignano"]
[Date "2022.08.18"]
[Round "3.1"]
[White "Sonis, Francesco"]
[Black "Das, Sayantan"]
[Result "1/2-1/2"]
[ECO "A49"]
[WhiteElo "2543"]
[BlackElo "2449"]
[Annotator "TA"]
[PlyCount "115"]
[EventDate "2022.08.18"]
[EventCountry "ITA"]
[SourceTitle "playchess.com"]
[Source "ChessBase"]
[SourceQuality "1"]
[TimeControl "5400+30"]

1. Nf3 Nf6 2. g3 g6 3. b3 Bg7 4. Bb2 d6 5. d4 b5 6. Bg2 {[%emt 0:01:30][%cal Of3e5] A49: 1 d4 Nf6 2 Nf3 g6 3 g3: Anti-King's Indian systems.} Bb7 7. O-O O-O 8. Qd3 a6 9. Nbd2 Nbd7 10. e4 {[%emt 0:05:21] [#]} e5 $146 ({Predecessor:} 10... c5 11. d5 c4 12. Qe2 Nc5 13. b4 Na4 14. Bd4 e5 15. dxe6 fxe6 16. Rad1 e5 {0-1 (28) Matamoros Franco,C (2486)-Khanin,S (2521) Chess.com INT 2021}) 11. dxe5 Ng4 12. Qe2 Ngxe5 13. Nxe5 Bxe5 14. Bxe5 dxe5 15. a4 Bc6 16. Rfd1 Qe7 17. axb5 axb5 18. Qe3 Kg7 19. Nf3 b4 20. Nd2 Nc5 21. Nc4 Rfd8 22. Qe1 Rxd1 23. Rxd1 Rb8 24. f3 Ne6 25. Qf2 f6 26. f4 exf4 27. gxf4 Rd8 28. Re1 Qc5 29. Ne3 {[%emt 0:09:46] [#]} (29. f5 $11 {deserves consideration.} Qxf2+ 30. Kxf2) 29... Rd4 $1 $17 30. f5 Ng5 31. fxg6 hxg6 32. Rf1 Bxe4 (32... Rxe4 $17 {Hoping for ...Qe5.} 33. Qxf6+ Kh7) 33. Qxf6+ $11 {[%emt 0:01:33] The position is equal.} Kh7 34. Kh1 {[%emt 0:03:59] Strongly threatening Rg1.} Bxg2+ 35. Nxg2 Re4 36. Rd1 {[%emt 0:04:34] Threatening mate with Rd7+.} (36. Nf4 {[#]} Rxf4 $1 37. Rxf4 Qd5+ 38. Kg1 Nh3+ 39. Kf1 Qh1+ 40. Ke2 Qxh2+ 41. Ke3 Qxf4+ 42. Qxf4 Nxf4 43. Kxf4 Kh6 $19) 36... Qe7 {[%emt 0:01:07] Inhibits Rd7.} 37. Qxe7+ Rxe7 {[%emt 0:00:01][%mdl 4096] Endgame KRN-KRN} 38. Nf4 {[%emt 0:01:03] Inhibits Re2.} Ne4 {[%emt 0:00:46] aiming for ...Nf2+.} 39. Kg2 {[%emt 0:00:12] Prevents Nf2.} Nc3 40. Rd2 g5 41. Nd3 Re4 42. Nf2 Re7 43. Kf3 Kg6 44. Rd4 c5 45. Rc4 Rf7+ 46. Kg2 Rf5 47. Nd3 Nd1 {[%emt 0:00:32] Threatens to win with ...Ne3+.} 48. Re4 {[%emt 0:00:25] Prevents Ne3+.} Nc3 49. Re6+ Kf7 50. Re3 Nb5 51. Rf3 Rxf3 52. Kxf3 {[%emt 0:00:07] KN-KN} Nd4+ 53. Ke4 Nxc2 54. Nxc5 Kg6 55. Kd3 Na1 56. Kc4 Kh5 57. Kxb4 Kg4 58. Kc3 {[%emt 0:00:05] Weighted Error Value: White=0.03 (flawless) /Black=0.03 (flawless)} 1/2-1/2

[Event "1st Bella Italia International 2022"]
[Site "Lignano"]
[Date "2022.08.18"]
[Round "3.2"]
[White "Zeller, Frank"]
[Black "Visakh N R"]
[Result "1/2-1/2"]
[ECO "C95"]
[WhiteElo "2356"]
[BlackElo "2503"]
[Annotator "TA"]
[PlyCount "50"]
[EventDate "2022.08.18"]
[EventCountry "ITA"]
[SourceTitle "playchess.com"]
[Source "ChessBase"]
[SourceQuality "1"]
[TimeControl "5400+30"]

1. e4 e5 2. Nf3 Nc6 3. Bb5 a6 4. Ba4 Nf6 5. O-O Be7 6. Re1 b5 7. Bb3 d6 8. c3 O-O 9. h3 Nb8 10. d4 Nbd7 11. Nbd2 Bb7 12. Bc2 Re8 13. Nf1 Bf8 14. Ng3 g6 15. Bg5 h6 16. Bd2 Bg7 17. Qc1 Kh7 {[%emt 0:00:03] C95: Closed Ruy Lopez: Breyer Variation with 10 d4.} 18. h4 (18. dxe5 $142 dxe5 19. c4) 18... d5 (18... exd4 $142 $1 19. cxd4 c5) 19. exd5 exd4 {[%emt 0:02:57] [#] The position is equal.} 20. h5 $146 ({Don't play} 20. Nxd4 Ne5 $11) ({Predecessor:} 20. Nxd4 Ne5 21. Ne6 Qxd5 22. Nf4 Qc6 23. h5 Rad8 24. hxg6+ fxg6 25. Qb1 Rxd2 26. Bxg6+ {0-1 (38) Smirin,I (2530)-Beliavsky,A (2620) Odessa 1989}) 20... Rxe1+ 21. Qxe1 Nf8 (21... d3 $1 $11 {remains equal.} 22. Bxd3 Bxd5) 22. cxd4 $16 Bxd5 23. Ne5 N6d7 24. hxg6+ fxg6 25. Nh5 {[%emt 0:01:03] White is more active.} Nxe5 {[%emt 0:06:48] Weighted Error Value: White=0.11 (very precise) /Black=0.39} 1/2-1/2

[Event "1st Bella Italia International 2022"]
[Site "Lignano"]
[Date "2022.08.18"]
[Round "3.3"]
[White "Ghosh, Diptayan"]
[Black "Lumachi, Gabriele"]
[Result "1/2-1/2"]
[ECO "E06"]
[WhiteElo "2538"]
[BlackElo "2355"]
[Annotator "TA"]
[PlyCount "33"]
[EventDate "2022.08.18"]
[EventCountry "ITA"]
[SourceTitle "playchess.com"]
[Source "ChessBase"]
[SourceQuality "1"]
[TimeControl "5400+30"]

1. Nf3 d5 2. c4 e6 3. g3 Nf6 4. Bg2 Be7 5. d4 O-O 6. Nc3 dxc4 7. Ne5 c5 8. dxc5 Qxd1+ 9. Nxd1 Bxc5 10. O-O {[%emt 0:03:01] The position is equal.} Nd5 {[%emt 0:00:25] E06: Closed Catalan: Early deviations.} 11. Nxc4 Nc6 12. Bd2 Rd8 13. Rc1 {[%emt 0:03:25] [#]} b6 $146 ({Predecessor:} 13... Bd7 14. Na5 Nxa5 15. Rxc5 b6 16. Rc1 Bb5 17. Nc3 Nxc3 18. Bxc3 Rac8 19. Rfe1 f6 {1-0 (56) Kozul,Z (2595)-Nielsen,A (2213) Nova Gorica 2020}) 14. Be3 Ba6 15. Bxc5 bxc5 16. Re1 Rab8 17. Nce3 {[%emt 0:11:43] An uneventful encounter.  Weighted Error Value: White=0.04 (flawless) /Black=0.05 (flawless)} 1/2-1/2

[Event "1st Bella Italia International 2022"]
[Site "Lignano"]
[Date "2022.08.18"]
[Round "3.4"]
[White "Priyanka Nutakki"]
[Black "Karthik Venkataraman"]
[Result "1/2-1/2"]
[ECO "D90"]
[WhiteElo "2308"]
[BlackElo "2483"]
[Annotator "TA"]
[PlyCount "81"]
[EventDate "2022.08.18"]
[EventCountry "ITA"]
[SourceTitle "playchess.com"]
[Source "ChessBase"]
[SourceQuality "1"]
[TimeControl "5400+30"]

1. d4 Nf6 2. c4 g6 3. Nc3 d5 4. cxd5 Nxd5 5. Bd2 Bg7 6. e4 Nxc3 7. Bxc3 O-O 8. Nf3 Bg4 9. Be2 {[%emt 0:00:22] D90: Grünfeld: 4 Nf3 Bg7 sidelines.} e6 10. O-O c5 11. d5 exd5 12. exd5 Qd6 13. h3 Bxf3 14. Bxf3 ({But not} 14. gxf3 Nd7 $15) 14... Nd7 {[%emt 0:00:32] [#]} (14... Re8 {is interesting.} 15. Qb3 b6 16. Qa4 Rd8) 15. Rc1 $146 ({Predecessor:} 15. Qd2 Rad8 16. Rfd1 Rfe8 17. Rac1 Bxc3 18. Qxc3 b6 19. a3 Re7 20. b4 cxb4 21. axb4 {½-½ (37) Klukin,K (2245)-Petrushev,N (2221) Murmansk 2016}) 15... Bxc3 16. Rxc3 Rfd8 17. g3 a6 18. Re1 Re8 19. Rce3 Rxe3 20. Rxe3 Rd8 21. Qe2 Kf8 22. Bg2 Nf6 23. Re5 Nd7 24. Re3 h5 25. b3 Nf6 26. Re5 Nd7 27. Re3 Nf6 28. Re5 b5 29. f4 (29. Qb2 $11 Kg8 30. Re1) 29... Nd7 (29... Rc8 $17 {aiming for ...c4.} 30. Qd2 c4 31. bxc4 Rxc4) 30. Re3 $11 Rc8 31. f5 c4 32. fxg6 Qxg6 33. Be4 {[%emt 0:03:29] [#]} (33. bxc4 $11 {keeps the balance.} Rxc4 34. Qb2) 33... Qf6 (33... Qb6 $1 $17 {And now ...cxb3 would win.} 34. Qf2 Re8) 34. Rf3 (34. Qxh5 $11 cxb3 35. Rf3 Qd4+ 36. Kg2) 34... Qd4+ $17 35. Kg2 Re8 (35... c3 $17 {Threatens to win with ...Re8.} 36. Bf5 Qd2) 36. Rxf7+ $1 $11 {[%emt 0:00:44] The position is equal.} Kxf7 37. Bg6+ {[%emt 0:00:01][%mdl 64] [#] Discovered Attack, Deflection, Double Attack} Kf6 38. Bxe8 {[%emt 0:02:13] Chess con chili.} Qxd5+ 39. Qf3+ Qxf3+ 40. Kxf3 cxb3 41. Ke4 $2 {[%emt 0:00:00][%mdl 40960] Weighted Error Value: White=0.17 (very precise) /Black=0.12 (very precise) . An unexpected result.} (41. axb3 $11 Nc5 42. b4) 1/2-1/2

[Event "1st Bella Italia International 2022"]
[Site "Lignano"]
[Date "2022.08.18"]
[Round "3.5"]
[White "Aaron, Deepak"]
[Black "Jonkman, Harmen"]
[Result "1/2-1/2"]
[ECO "A22"]
[WhiteElo "2221"]
[BlackElo "2373"]
[Annotator "TA"]
[PlyCount "45"]
[EventDate "2022.08.18"]
[EventCountry "ITA"]
[SourceTitle "playchess.com"]
[Source "ChessBase"]
[SourceQuality "1"]
[TimeControl "5400+30"]

1. c4 e5 2. Nc3 Nf6 3. e3 c6 4. d4 e4 5. Nge2 d5 6. cxd5 {[%emt 0:00:42] A22: English Opening: 1...e5 2 Nc3 Nf6.} cxd5 7. Qb3 Na6 8. Nf4 {[%emt 0:01:04][%cal Rf4d5] The position is equal.} Nc7 9. Bb5+ Nxb5 10. Qxb5+ Bd7 11. Qxb7 {[%emt 0:00:44] [#]} Rb8 $146 ({Predecessor:} 11... Bd6 12. Nfxd5 Nxd5 13. Qxd5 Be7 14. Qxe4 O-O 15. O-O {1-0 (15) Hortion,D (1802)-Heurtebize,C (2086) Avoine 2013}) 12. Qxa7 Bb4 13. Bd2 Qc8 (13... Ra8 $11 {keeps the balance.} 14. Qb7 Rb8) 14. a3 $16 (14. Nfxd5 $2 Nxd5 15. Nxe4 (15. Nxd5 $2 Bxd2+ 16. Kf1 Qc4+ 17. Kg1 Rc8 $19) 15... Bxd2+ 16. Nxd2 Rxb2 $17) ({Don't go for} 14. Ncxd5 $2 Bxd2+ 15. Kf1 (15. Kxd2 $2 Rxb2+ 16. Ke1 Qc2 $19) 15... Nxd5 16. Nxd5 Qc4+ 17. Kg1 Rc8 18. Qxd7+ Kxd7 $19) 14... Ra8 15. Qb6 Rb8 16. Qa7 Ra8 $1 {[%emt 0:03:59] [#]} 17. axb4 $1 Rxa7 18. Rxa7 Qb8 19. Ra5 O-O 20. b5 (20. Ncxd5 $16 Nxd5 21. Rxd5 (21. Nxd5 Bb5 $16)) 20... g5 21. Nfxd5 Nxd5 22. Nxd5 {[#] Hoping for Nf6+.} Bxb5 23. Nc3 {[%emt 0:01:00] Weighted Error Value: White=0.19 (very precise) /Black=0.12 (very precise)} ({Better is} 23. h4 $16 g4 24. Bc3) 1/2-1/2

[Event "1st Bella Italia International 2022"]
[Site "Lignano"]
[Date "2022.08.18"]
[Round "3.6"]
[White "Della Pietra, Andrea"]
[Black "Loiacono, Leonardo"]
[Result "0-1"]
[ECO "D31"]
[WhiteElo "2172"]
[BlackElo "2291"]
[Annotator "NA RC"]
[PlyCount "82"]
[EventDate "2022.08.18"]
[EventCountry "ITA"]
[SourceTitle "playchess.com"]
[Source "ChessBase"]
[SourceQuality "1"]
[TimeControl "5400+30"]

1. d4 d5 2. c4 e6 3. Nc3 Be7 4. cxd5 exd5 5. Bf4 c6 6. e3 Bf5 7. g4 Be6 8. h3 Nd7 9. Bg2 h5 10. gxh5 Ndf6 11. Nge2 Nxh5 12. Be5 Ngf6 13. Qc2 Nd7 14. Bh2 Nb6 15. O-O-O Qd7 16. Nf4 Nxf4 17. Bxf4 Bd6 18. Bxd6 Qxd6 19. Ne2 g6 20. f3 O-O-O 21. b3 Rh4 22. Kb2 Rdh8 23. Ng1 Qb4 24. Ka1 g5 25. f4 gxf4 26. Nf3 R4h5 27. exf4 Bf5 28. Qd2 Qxd2 29. Rxd2 f6 30. h4 Be4 31. Re2 Kd8 32. Ne1 f5 33. Bxe4 dxe4 34. Ng2 Nd5 35. Kb2 Rg8 36. Rh3 Ke7 37. b4 Rh7 38. h5 Rxg2 39. Rxg2 Nxf4 40. Rgg3 Nxh3 41. Rxh3 Kf6 0-1

[Event "1st Bella Italia International 2022"]
[Site "Lignano"]
[Date "2022.08.18"]
[Round "3.7"]
[White "Cappelletto, Joshuaede"]
[Black "Bettalli, Francesco"]
[Result "0-1"]
[ECO "B36"]
[WhiteElo "2266"]
[BlackElo "2237"]
[Annotator "NA RC"]
[PlyCount "112"]
[EventDate "2022.08.18"]
[EventCountry "ITA"]
[SourceTitle "playchess.com"]
[Source "ChessBase"]
[SourceQuality "1"]
[TimeControl "5400+30"]

1. c4 c5 2. Nf3 g6 3. d4 cxd4 4. Nxd4 Nc6 5. e4 Nf6 6. Nc3 d6 7. Be2 Nxd4 8. Qxd4 Bg7 9. Bg5 O-O 10. Qd2 a5 11. Rd1 Be6 12. b3 Nd7 13. h4 Nc5 14. Bh6 Bxh6 15. Qxh6 f6 16. Qe3 Qb6 17. Nb5 Bd7 18. h5 g5 19. Nc3 Be6 20. Rb1 Nd7 21. Qg3 Kh8 22. O-O Ne5 23. Rfd1 g4 24. Rbc1 Rg8 25. Na4 Qc6 26. Qe3 Rg5 27. c5 d5 28. exd5 Bxd5 29. Rxd5 Qxd5 30. Nb6 Qg8 31. Nxa8 Qxa8 32. h6 Qf8 33. Rd1 Qxh6 34. Rd8+ Kg7 35. Rb8 Qg6 36. Rxb7 Nc6 37. Bd3 Qh5 38. Qe4 g3 39. fxg3 Qd1+ 40. Bf1 Re5 41. Qd3 Qa1 42. Rc7 Nd4 43. Rd7 Ne2+ 44. Kf2 Nc1 45. Qc2 Nxa2 46. Rd1 Qc3 47. Qxc3 Nxc3 48. Rd7 Ne4+ 49. Kg1 Nxc5 50. Rd8 Nxb3 51. Bc4 Nc5 52. Rg8+ Kh6 53. Ra8 Ne4 54. g4 Kg5 55. Be2 Kf4 56. Bf3 Kg3 0-1

[Event "1st Bella Italia International 2022"]
[Site "Lignano"]
[Date "2022.08.18"]
[Round "3.8"]
[White "Micottis, Dorian"]
[Black "Haller, Quentin"]
[Result "1/2-1/2"]
[ECO "B12"]
[WhiteElo "2263"]
[BlackElo "1995"]
[Annotator "NA RC"]
[PlyCount "73"]
[EventDate "2022.08.18"]
[EventCountry "ITA"]
[SourceTitle "playchess.com"]
[Source "ChessBase"]
[SourceQuality "1"]
[TimeControl "5400+30"]

1. e4 c6 2. d4 d5 3. e5 Bf5 4. h4 h5 5. Bd3 Bxd3 6. Qxd3 e6 7. Nf3 Nh6 8. Bg5 Qb6 9. Nbd2 Nf5 10. O-O Be7 11. c4 Bxg5 12. hxg5 g6 13. b3 Kf8 14. Rfd1 Kg7 15. Nf1 Na6 16. Ne3 Ne7 17. g3 Rhd8 18. c5 Qc7 19. Rdb1 Qd7 20. b4 Nc7 21. a4 a6 22. Kg2 Rh8 23. Rb2 Nf5 24. Nh4 Ne7 25. Nd1 Rhb8 26. Rab1 b5 27. cxb6 Rxb6 28. Nc3 Rab8 29. a5 R6b7 30. Na4 Qd8 31. Nc5 Rb5 32. Rb3 Nf5 33. Nxf5+ exf5 34. f4 Qc8 35. Qc3 Ne6 36. Na4 Qb7 37. Nc5 1/2-1/2

[Event "1st Bella Italia International 2022"]
[Site "Lignano"]
[Date "2022.08.18"]
[Round "3.9"]
[White "Tencati, Giuseppe"]
[Black "Gelle, Istvan"]
[Result "1-0"]
[ECO "D15"]
[WhiteElo "2055"]
[BlackElo "2218"]
[Annotator "NA RC"]
[PlyCount "105"]
[EventDate "2022.08.18"]
[EventCountry "ITA"]
[SourceTitle "playchess.com"]
[Source "ChessBase"]
[SourceQuality "1"]
[TimeControl "5400+30"]

1. d4 d5 2. c4 c6 3. Nc3 Nf6 4. e3 a6 5. Nf3 Bf5 6. Qb3 Ra7 7. Nh4 Be6 8. c5 g6 9. Bd3 Ne4 10. Qc2 f5 11. f4 Bg7 12. Nf3 O-O 13. Bd2 Nd7 14. Na4 a5 15. O-O Kh8 16. Rab1 Bg8 17. Be1 Bf6 18. Bh4 h6 19. Bxf6+ exf6 20. g3 Bh7 21. Rbe1 Ra8 22. Nd2 Qc7 23. Be2 Rfe8 24. Bf3 Re7 25. Re2 Rae8 26. Rfe1 Kg7 27. Kg2 g5 28. Kg1 Bg6 29. Nxe4 fxe4 30. Bg4 f5 31. Bh3 Rf8 32. Rf2 Rf6 33. Qd1 Ref7 34. Ref1 b5 35. cxb6 Nxb6 36. Nxb6 Qxb6 37. Qc2 Bh5 38. fxg5 hxg5 39. Rxf5 Rxf5 40. Rxf5 Rxf5 41. Bxf5 Be8 42. Bg4 Qb4 43. Qc3 Qb5 44. Qd2 c5 45. dxc5 Qxc5 46. Qc3+ Qxc3 47. bxc3 Kf6 48. Kf2 Bb5 49. Be2 Bd7 50. h4 g4 51. Ke1 Kf5 52. Kd2 Ba4 53. c4 1-0

[Event "1st Bella Italia International 2022"]
[Site "Lignano"]
[Date "2022.08.18"]
[Round "3.10"]
[White "Titze, Leo"]
[Black "Rotolante, Luca"]
[Result "1-0"]
[ECO "C00"]
[WhiteElo "2071"]
[BlackElo "2010"]
[Annotator "NA RC"]
[PlyCount "111"]
[EventDate "2022.08.18"]
[EventCountry "ITA"]
[SourceTitle "playchess.com"]
[Source "ChessBase"]
[SourceQuality "1"]
[TimeControl "5400+30"]

1. e4 e6 2. d3 d5 3. Nd2 c5 4. g3 Nc6 5. Bg2 Nf6 6. Ngf3 dxe4 7. dxe4 g6 8. O-O Bg7 9. c3 O-O 10. Qe2 e5 11. Rd1 Qc7 12. Nf1 Be6 13. Ng5 Bg4 14. f3 Bd7 15. Nh3 Rad8 16. Be3 b6 17. Nf2 Be6 18. b3 a5 19. Qc2 Qc8 20. Nd2 Rd7 21. Bf1 Rfd8 22. Bc4 Bxc4 23. Nxc4 Qc7 24. a4 Ne8 25. Rxd7 Rxd7 26. Rd1 Nd6 27. Qd3 Bf8 28. Bg5 h5 29. Bf6 Qb7 30. Nxe5 Nxe5 31. Bxe5 Rd8 32. Bxd6 Rxd6 33. Qc4 Qd7 34. Rxd6 Qxd6 35. Qd5 Qf6 36. e5 Qf5 37. Ne4 Be7 38. Kg2 Kg7 39. h4 g5 40. hxg5 Bxg5 41. Qd6 h4 42. Nxg5 Qxg5 43. Qf6+ Qxf6 44. exf6+ Kxf6 45. gxh4 Kg6 46. Kh3 Kh5 47. Kg3 Kh6 48. Kg4 Kg6 49. h5+ Kh6 50. f4 Kg7 51. Kg5 Kh7 52. Kf6 Kh6 53. Kxf7 Kxh5 54. Ke6 Kg4 55. f5 Kf4 56. f6 1-0

[Event "1st Bella Italia International 2022"]
[Site "Lignano"]
[Date "2022.08.18"]
[Round "3.11"]
[White "Brotto, Alessandro"]
[Black "Lapiccirella, Daniele"]
[Result "0-1"]
[ECO "B40"]
[WhiteElo "2027"]
[BlackElo "2173"]
[Annotator "NA RC"]
[PlyCount "66"]
[EventDate "2022.08.18"]
[EventCountry "ITA"]
[SourceTitle "playchess.com"]
[Source "ChessBase"]
[SourceQuality "1"]
[TimeControl "5400+30"]

1. e4 c5 2. Nf3 e6 3. Bd3 d5 4. O-O dxe4 5. Bxe4 Nf6 6. c3 Nxe4 7. Qa4+ Bd7 8. Qxe4 Bc6 9. Qe2 Nd7 10. d4 Be7 11. Nbd2 O-O 12. Rd1 Qc7 13. Nb3 cxd4 14. cxd4 Bf6 15. Be3 b6 16. Rac1 Qb7 17. Ne1 Rac8 18. f3 Bd5 19. Nd3 Bxb3 20. axb3 Rxc1 21. Rxc1 Qd5 22. Rc7 Bxd4 23. Rxa7 Nc5 24. Nxc5 bxc5 25. Qd3 e5 26. Kf1 Rb8 27. Ra4 h6 28. Rc4 f5 29. b4 Rxb4 30. Rxb4 cxb4 31. f4 Qe4 32. Qxe4 fxe4 33. Bd2 b3 0-1

[Event "1st Bella Italia International 2022"]
[Site "Lignano"]
[Date "2022.08.18"]
[Round "3.12"]
[White "Cino, Giuseppe Adalberto"]
[Black "Zuttioni, Federico"]
[Result "1-0"]
[ECO "D30"]
[WhiteElo "1976"]
[BlackElo "2161"]
[Annotator "NA RC"]
[PlyCount "81"]
[EventDate "2022.08.18"]
[EventCountry "ITA"]
[SourceTitle "playchess.com"]
[Source "ChessBase"]
[SourceQuality "1"]
[TimeControl "5400+30"]

1. c4 e6 2. Nf3 d5 3. e3 Nf6 4. d4 Be7 5. Bd3 O-O 6. O-O b6 7. Re1 dxc4 8. Bxc4 Bb7 9. Nc3 c5 10. e4 cxd4 11. Qxd4 Nc6 12. Qd1 Qxd1 13. Rxd1 Rfd8 14. Bf4 Rac8 15. e5 Nd7 16. Be2 Nb4 17. Nd4 Nc5 18. a3 Nbd3 19. Bxd3 Rxd4 20. Bxh7+ Kxh7 21. Rxd4 Nb3 22. Rd7 Nxa1 23. Rxe7 Bc6 24. Rxf7 a5 25. h3 b5 26. Re7 b4 27. axb4 axb4 28. Ne2 Bd5 29. Bg5 Kg6 30. h4 Rc2 31. Nf4+ Kf5 32. Rxg7 Rxb2 33. Rf7+ Ke4 34. f3+ Kd4 35. Nxd5 Rb1+ 36. Kh2 Kxd5 37. h5 b3 38. h6 b2 39. Rb7 Kc6 40. Rb8 Kc7 41. h7 1-0

[Event "1st Bella Italia International 2022"]
[Site "Lignano"]
[Date "2022.08.18"]
[Round "3.13"]
[White "Player, Edmund C"]
[Black "Bartolozzi, Roberto"]
[Result "1-0"]
[ECO "C06"]
[WhiteElo "2202"]
[BlackElo "1967"]
[Annotator "NA RC"]
[PlyCount "87"]
[EventDate "2022.08.18"]
[EventCountry "ITA"]
[SourceTitle "playchess.com"]
[Source "ChessBase"]
[SourceQuality "1"]
[TimeControl "5400+30"]

1. e4 e6 2. d4 d5 3. Nd2 Nf6 4. e5 Nfd7 5. Bd3 c5 6. c3 Nc6 7. Ne2 cxd4 8. cxd4 f6 9. exf6 Nxf6 10. Nf3 Bd6 11. O-O Qc7 12. Bd2 O-O 13. Ng3 Bd7 14. Re1 Rae8 15. Bc3 e5 16. dxe5 Nxe5 17. Nxe5 Bxe5 18. Bxe5 Rxe5 19. Rc1 Rxe1+ 20. Qxe1 Qf4 21. Rc2 Re8 22. Qc1 Qb4 23. Qd2 Qh4 24. h3 Bc6 25. Nf5 Qh5 26. Rc1 Ne4 27. Bxe4 dxe4 28. Rc5 Qg6 29. Ne3 Qe6 30. a3 Qe7 31. Rc4 Rd8 32. Rd4 Rxd4 33. Qxd4 Qd7 34. Qxa7 h6 35. Qa5 Qd3 36. Qe5 Qd7 37. Kh2 Qf7 38. Kg1 Kh8 39. Nf5 Bd7 40. Nd6 Qg6 41. Kh2 e3 42. fxe3 Bc6 43. e4 h5 44. b4 1-0

[Event "1st Bella Italia International 2022"]
[Site "Lignano"]
[Date "2022.08.18"]
[Round "3.14"]
[White "Giraldi, Edoardo"]
[Black "Bommini Mounika Akshaya"]
[Result "0-1"]
[ECO "B51"]
[WhiteElo "1909"]
[BlackElo "2107"]
[Annotator "NA RC"]
[PlyCount "74"]
[EventDate "2022.08.18"]
[EventCountry "ITA"]
[SourceTitle "playchess.com"]
[Source "ChessBase"]
[SourceQuality "1"]
[TimeControl "5400+30"]

1. e4 c5 2. Nf3 d6 3. Bb5+ Nd7 4. d4 cxd4 5. Qxd4 Ngf6 6. O-O g6 7. c4 Bg7 8. Bxd7+ Bxd7 9. Nc3 O-O 10. Qd3 Rc8 11. Re1 Qc7 12. b3 b5 13. Nxb5 Bxb5 14. cxb5 Nxe4 15. Nd4 Nc5 16. Qc4 d5 17. Qc3 Qb6 18. Qe3 Na4 19. Nc6 Rxc6 20. bxc6 Bxa1 21. bxa4 Bd4 22. Qe2 e6 23. Ba3 Rc8 24. Rc1 Rxc6 25. Rxc6 Qxc6 26. g3 Qxa4 27. Bd6 Qc4 28. Qd2 Qc3 29. Qf4 Qe1+ 30. Kg2 Qe4+ 31. Qxe4 dxe4 32. Kf1 f5 33. Ke2 Kf7 34. h4 e5 35. f3 exf3+ 36. Kxf3 Ke6 37. Bb4 Kd5 0-1